 Dungeon Crawl Stone Soup version 0.20-a0-201-g851c6fa (webtiles) character file.

544 esc the Digger (level 7, 0/40 HPs)
             Began as a Gargoyle Earth Elementalist on Nov 24, 2016.
             Slain by a worker ant (3 damage)
             ... on level 5 of the Dungeon.
             The game lasted 00:23:22 (5898 turns).

esc the Digger (Gargoyle Earth Elementalist)        Turns: 5898, Time: 00:23:22

Health: 0/40       AC:  8    Str: 17    XL:     7   Next: 27%
Magic:  2/14       EV: 12    Int: 17    God:
Gold:   152        SH:  5    Dex: 10    Spells: 11/15 levels left

rFire  . . .     SeeInvis .     k - -3 rapier (curse)
rCold  . . .     Gourm    .     c - +0 robe
rNeg   + . .     Faith    .     (no shield)
rPois  ∞         Spirit   .     (no helmet)
rElec  +         Reflect  +     s - +0 cloak
rCorr  .         Harm     .     r - +0 pair of gloves
MR     .....                    (no boots)
Stlth  ++........               o - +5 amulet of reflection
                                (no ring)
                                p - ring of flight {+Fly, !d}

@: mighty, slowed, very slow
A: negative energy resistance 1, electricity resistance, unbreathing,
petrification resistance, rot immunity, AC +4
a: Evoke Flight


You were on level 5 of the Dungeon.
You were not hungry.

You visited 1 branch of the dungeon, and saw 5 of its levels.

You collected 210 gold pieces.
You spent 58 gold pieces at shops.

Inventory:

Hand Weapons
 k - a cursed -3 rapier (weapon)
   (You found it on level 2 of the Dungeon)
Missiles
 d - 180 stones (quivered)
 n - 49 poisoned needles
Armour
 a - +0 ice dragon scales
   (You found it on level 1 of the Dungeon)
 c - a +0 robe (worn)
 r - a +0 pair of gloves (worn)
   (You bought it in a shop on level 4 of the Dungeon)
 s - a +0 cloak (worn)
   (You took it off Crazy Yiuf on level 4 of the Dungeon)
Jewellery
 o - a +5 amulet of reflection (around neck)
   (You found it on level 3 of the Dungeon)
 p - a ring of flight (left hand) {+Fly, !d}
   (You found it on level 3 of the Dungeon)
Scrolls
 b - a scroll of amnesia
 v - a scroll of blinking {!r}
Potions
 f - a potion of beneficial mutation {unknown}
 h - a potion of mutation {unknown}
 i - a potion of invisibility {unknown}
 j - 2 potions of curing {unknown}
 l - a potion of brilliance {unknown}
 q - 2 potions of might
 t - a potion of flight {unknown}
Books
 e - a book of Geomancy


   Skills:
 - Level 2.5 Fighting
 - Level 2.1 Dodging
 - Level 2.1 Stealth
 + Level 4.8 Spellcasting
   Level 0.7 Transmutations
 + Level 6.6 Earth Magic


You had 11 spell levels left.
You knew the following spells:

 Your Spells              Type           Power        Failure   Level  Hunger
a - Sandblast             Erth           ####..       1%          1    None
x - Stone Arrow           Conj/Erth      ###...       12%         3    ###....


Dungeon Overview and Level Annotations

Branches:
Dungeon (5/15)
 Temple: D:4-7

Altars:
Qazlal

Shops:
D:4 [   D:5 %

Annotations:
D:5 Eustachio


Innate Abilities, Weirdness & Mutations

You are resistant to torment.
Your stone body is resilient. (AC +4)
You are immune to poison.
You resist negative energy. (rN+)
You are resistant to electric shocks. (rElec)
You can survive without breathing.
You are immune to petrification.
You are immune to rotting.


Message History

You block the quasit's attack. x2
The quasit claws you but does no damage.
You take 5 damage, and have 23/40 hp.
You now have 0/14 mp.
You closely miss Eustachio. The quasit barely misses you.
The quasit closely misses you. You block the quasit's attack.
The worker ant barely misses you.
Eustachio calls on the powers of shadow!
Eustachio zaps a wand.
You resist with some effort. The rat bites you but does no damage.
The quasit bites you but does no damage.
The quasit closely misses you.
The quasit claws you but does no damage.
Eustachio zaps a wand.
You resist with some effort. The worker ant barely misses you.
The rat closely misses you.
Unknown command.
Unknown command.
Unknown command.
You hit Eustachio.
The quasit bites you but does no damage.
The quasit barely misses you.
The quasit claws you but does no damage.
The worker ant misses you.
Eustachio asks, "How can you live without manners, virtues and honour?"
Eustachio hits you but does no damage. The quasit barely misses you.
The quasit claws you but does no damage.
The quasit misses you. You block the white imp's attack.
The rat bites you but does no damage. The worker ant closely misses you.
Eustachio casts a spell.
Eustachio blinks!
The quasit misses you. The quasit closely misses you.
The quasit claws you but does no damage.
The white imp closely misses you.
You barely miss the rat. The worker ant closely misses you.
The rat closely misses you.
The quokka bites you but does no damage.
The quasit bites you but does no damage.
The quasit claws you but does no damage. x2
The worker ant barely misses you.
The white imp shouts, "Slither hence, thou dissembling two-tin-hat cross-patch!"
The white imp hits you but does no damage.
The rat bites you.
The quokka bites you but does no damage.
You block the quasit's attack. The quasit barely misses you. x2
You take 3 damage, and have 20/40 hp.
You closely miss the rat. The worker ant completely misses you.
The quasit barely misses you. x2; The quasit closely misses you.
The quokka barely misses you.
The white imp hits you but does no damage.
The rat barely misses you. You block the worker ant's attack.
The quasit bites you but does no damage.
The quasit misses you. x2
The quokka bites you but does no damage.
The white imp hits you but does no damage.
The rat bites you. You block the worker ant's attack.
You barely miss the rat. The quasit closely misses you.
The quasit barely misses you. The quasit closely misses you.
The quokka barely misses you.
The white imp hits you but does no damage.
The rat bites you but does no damage. You block the worker ant's attack.
The quasit misses you.
The quasit barely misses you. x2; The quokka bites you.
Eustachio casts a spell.
Eustachio blinks!
The white imp hits you but does no damage.
The rat bites you but does no damage. You block the worker ant's attack.
The quasit bites you but does no damage.
The quasit barely misses you. The quasit misses you.
You take 4 damage, and have 16/40 hp.
You hit the rat but do no damage.
The quokka bites you but does no damage.
The quasit misses you. The quasit completely misses you.
You block the quasit's attack. The worker ant closely misses you.
The white imp gestures at you. The puff of frost hits you!
* * * LOW HITPOINT WARNING * * *
The rat barely misses you.
The quokka bites you but does no damage.
The quasit bites you.
* * * LOW HITPOINT WARNING * * *
The quasit claws you but does no damage. x2
Eustachio gestures wildly while chanting.
Eustachio blinks!
The worker ant bites you.
* * * LOW HITPOINT WARNING * * *
The white imp barely misses you. The rat bites you but does no damage.
The quokka bites you but does no damage.
You take 12 damage, and have 4/40 hp.
MASSIVE DAMAGE!!
It was a potion of might.
You feel very mighty all of a sudden.
The white imp disappears in a puff of smoke!
The quasit bites you but does no damage.
The quasit misses you. You block the quasit's attack.
The worker ant barely misses you.
The quokka bites you but does no damage.
The rat bites you.
* * * LOW HITPOINT WARNING * * *
The quasit bites you but does no damage.
The quasit closely misses you.
The quasit claws you but does no damage.
The worker ant bites you.
You die...

#############
##.....#.....##
##...........>.##
#.$.............#
#.......!.......###
#..............a...
#...............##.
#§5r...............
##@ab..........#∩#.
##r?............##
#r####.###.#.....
...# ..# #.###...
...(#. #### #.# ###
?..... . .# ...>..
## ...... .....


You could see a worker ant, a quasit, a quokka, a bat and 2 rats.

Vanquished Creatures
  An ogre (D:4)
  A centaur zombie (D:5)
  Crazy Yiuf (D:4)
  2 hounds
  An orc priest (D:4)
  A centaur skeleton (D:4)
  An orc wizard (D:5)
  4 worker ants
  4 adders
  A shadow imp (D:5)
  2 oozes
  An adder skeleton (D:4)
  3 worms (D:2)
  5 dart slugs
  5 leopard geckos
  6 orcs
  2 ball pythons (D:3)
  4 bats
  3 giant cockroaches (D:2)
  8 goblins
  5 hobgoblins
  11 jackals
  6 frilled lizards
  8 kobolds
  A quokka skeleton (D:5)
  3 rats
90 creatures vanquished.

Notes
Turn   | Place    | Note
-------+----------+-------------------------------------------
     0 | D:1      | esc the Gargoyle Earth Elementalist began the quest for the Orb.
     0 | D:1      | Reached XP level 1. HP: 10/10 MP: 3/3
   132 | D:1      | HP: 2/10 [jackal (2)]
   474 | D:1      | Reached XP level 2. HP: 16/16 MP: 3/5
   686 | D:1      | Reached skill level 1 in Fighting
  1118 | D:2      | Reached skill level 4 in Earth Magic
  1118 | D:2      | Reached XP level 3. HP: 6/20 MP: 6/6
  1419 | D:2      | Reached skill level 2 in Fighting
  1680 | D:2      | Reached XP level 4. HP: 16/26 MP: 0/7
  1894 | D:2      | Reached skill level 2 in Dodging
  2932 | D:3      | Reached XP level 5. HP: 28/31 MP: 5/9
  3504 | D:4      | Reached skill level 3 in Spellcasting
  3774 | D:4      | Reached skill level 5 in Earth Magic
  3834 | D:4      | HP: 7/31 [worker ant (1)]
  3856 | D:3      | HP: 7/31 [leopard gecko (2)]
  4114 | D:4      | Found Ishinach's Armour Shop.
  4126 | D:4      | Bought a +0 pair of gloves for 58 gold pieces
  4131 | D:4      | Noticed a phantom
  4197 | D:4      | Reached XP level 6. HP: 27/36 MP: 0/11
  4345 | D:4      | Found a runed door.
  4349 | D:4      | Noticed Crazy Yiuf
  4357 | D:4      | HP: 8/36 [Crazy Yiuf/quarterstaff of chaos (6)]
  4402 | D:4      | Killed Crazy Yiuf
  4720 | D:4      | Reached skill level 4 in Spellcasting
  4788 | D:5      | Entered Level 5 of the Dungeon
  4824 | D:3      | Learned a level 3 spell: Stone Arrow
  5181 | D:4      | Reached skill level 6 in Earth Magic
  5187 | D:4      | Reached XP level 7. HP: 40/40 MP: 2/13
  5397 | D:5      | Found a stormy altar of Qazlal.
  5454 | D:5      | HP: 10/40 [something/magic dart (4)]
  5760 | D:5      | Found Aplikid's Food Emporium.
  5788 | D:5      | Noticed Eustachio
  5897 | D:5      | HP: 9/40 [white imp/puff of frost[Eustachio] (7)]
  5897 | D:5      | HP: 4/40 [worker ant (2)]
  5898 | D:5      | Slain by a worker ant

Vault maps used:
D:1:      minmay_arrival_split_and_join
D:3:      glass_columns_a, grunt_ministairs_8
D:4:      serial_shops, nicolae_shop_temple_entry_statues_fountains,
          minmay_misc_feat_hallway, uniq_crazy_yiuf_cottage
D:5:      first_bread, serial_shops, shop, kennysheep_mini_moat, shop,
          nicolae_qazlal_general_emergency, uniq_eustachio, uniq_prince_ribbit1

Skill      XL: |  1  2  3  4  5  6 |
---------------+-------------------+-----
Fighting       | 1 2 |  2.5
Earth Magic    | 4 5 6 |  6.6
Dodging        | 2 |  2.1
Spellcasting   | 3 4 |  4.8
Stealth        | |  2.1
Transmutations | |  0.7

Action                   |  1- 3 |  4- 6 |  7- 9 || total
-------------------------+-------+-------+-------++-------
Melee: Rapier            |    21 |   110 |    48 ||   179
 Cast: Sandblast         |    44 |   150 |    10 ||   204
       Stone Arrow       |       |     5 |    16 ||    21
  Use: Scroll            |     1 |     7 |       ||     8
       Potion            |       |     2 |     2 ||     4
  Eat: Chunk             |     1 |     6 |     2 ||     9
       Bread ration      |     1 |       |     1 ||     2
       Beef jerky        |       |     1 |       ||     1
       Royal jelly       |       |     1 |       ||     1
Armor: Robe              |    22 |    87 |    65 ||   174
Dodge: Dodged            |    33 |   160 |    94 ||   287
Block: Other             |       |    37 |    34 ||    71
       Reflection        |       |     4 |       ||     4

Vault maps used:
D:1:      minmay_arrival_split_and_join
D:3:      glass_columns_a, grunt_ministairs_8
D:4:      serial_shops, nicolae_shop_temple_entry_statues_fountains,
          minmay_misc_feat_hallway, uniq_crazy_yiuf_cottage
D:5:      first_bread, serial_shops, shop, kennysheep_mini_moat, shop,
          nicolae_qazlal_general_emergency, uniq_eustachio, uniq_prince_ribbit1

Table legend:
 A = Turns spent in this place as a percentage of turns spent in the entire game.
 B = Non-inter-level travel turns spent in this place as a percentage of non-inter-level travel turns spent in the entire game.
 C = Inter-level travel turns spent in this place as a percentage of turns spent in this place.
 D = Turns resting spent in this place as a percentage of non-inter-level travel turns spent in this place.
 E = Turns spent auto-exploring this place as a percentage of non-inter-level travel turns spent in this place.
 F = Non-inter-level travel turns spent in this place divided by the number of levels of this place that you've seen.
                   A       B       C       D       E      F
               +-------+-------+-------+-------+-------+----------------------
         Total | 100.0 | 100.0 |   0.4 |   6.9 |   4.9 | 325.2
       Dungeon | 100.0 | 100.0 |   0.4 |   6.9 |   4.9 | 325.2
               +-------+-------+-------+-------+-------+----------------------

Table legend:
 A = Kills in this place as a percentage of kills in entire the game.
 B = Kills by you in this place as a percentage of kills by you in the entire game.
 C = Kills by friends in this place as a percentage of kills by friends in the entire game.
 D = Other kills in this place as a percentage of other kills in the entire game.
 E = Experience gained in this place as a percentage of experience gained in the entire game.
 F = Experience gained in this place divided by the number of levels of this place that you have seen.
                   A       B       C       D       E      F
               +-------+-------+-------+-------+-------+----------------------
         Total | 100.0 | 100.0 |  -nan |  -nan | 100.0 | 155.6
       Dungeon | 100.0 | 100.0 |  -nan |  -nan | 100.0 | 155.6
               +-------+-------+-------+-------+-------+----------------------
